cohdb
Replays
Latest Replays
All Replays
Popular Replays
Top Player Replays
Match Explorer
How It Works
Community
CoH3 Stats
Reddit
Sign in to upload your games and track your stats! →
Sign in with Steam
Match 46282988
Unlisted
Match 46282988
Overview
Messages
Build Orders
End
Panzergrenadier Squad
Selects Panzerjäger Kommand Battlegroup
Panzergrenadier Squad
250 Light Carrier
Construct Light Support Kompanie
2.5-tonne Medical Truck
Selects Mine Fields
Selects Tank Busters
MG34 Team
Fire Support Elements
Flakvierling Half-track
Panzerjäger Mechanized Group
Pak 38 Anti-tank Gun Team
Panzergrenadier Squad
Selects Early Warning
Pak 38 Anti-tank Gun Team
Selects Butterfly Bomb Drop
Construct Panzerarmee Kommand
Vehicle Survival Package
Butterfly Bomb Drop
Walking Stuka Rocket Launcher
Combat Half-tracks
Early Warning
Armored Reserves
Selects Crew Shock Tactics
STARSHOPPING
UneXplain
свитлана
Bran
DrewP
Dillbro
0
0
Comments
sign in to comment!
No comments posted yet!